 Dungeon Crawl Stone Soup version 0.28.0 (webtiles) character file.

Game seed: 16859682930947523573

88983 EWolf27 the Peltast (level 15, -1/89 HPs)
             Began as a Gargoyle Earth Elementalist on Feb 4, 2022.
             Was the Champion of Makhleb.
             Slain by a tarantella (4 damage)
             ... on level 2 of the Lair of Beasts on Feb 16, 2022.
             The game lasted 03:48:45 (48471 turns).

EWolf27 the Peltast (Gargoyle Earth Elementalist)  Turns: 48471, Time: 03:48:45

Health: -1/89      AC: 25    Str: 14    XL:     15   Next: 95%
Magic:  38/38      EV:  8    Int: 21    God:    Makhleb [******]
Gold:   580        SH:  0    Dex: 10    Spells: 18/34 levels left

rFire   + + .      SeeInvis .   a - +2 morningstar (holy)
rCold   x . .      Faith    .   E - +0 kite shield
rNeg    + . .      Spirit   .   R - +0 fire dragon scales
rPois   ∞          Reflect  +   L - +2 helmet
rElec   +          Harm     .   (no cloak)
rCorr   +          Rampage  .   A - +0 pair of gloves
Will    ++...                   (no boots)
Stlth   ..........              G - amulet of reflection
HPRegen 0.24/turn               y - ring of wizardry
MPRegen 0.26/turn               e - ring "Soach" {Will+ rCorr MP+9}

@: confused, flying, studying Armour
A: sickness immunity, AC +11, big wings, negative energy resistance 1,
electricity resistance, torment resistance 1, petrification resistance
a: Renounce Religion, Minor Destruction, Lesser Servant of Makhleb, Major
Destruction, Greater Servant of Makhleb


You were on level 2 of the Lair of Beasts.
You worshipped Makhleb.
Makhleb was exalted by your worship.
You visited 5 branches of the dungeon, and saw 25 of its levels.
You also visited: Volcano.

You collected 2436 gold pieces.
You spent 1856 gold pieces at shops.

Inventory:

Hand Weapons
 a - a +2 morningstar of holy wrath (weapon)
 S - a +2 broad axe of flaming
Missiles
 c - 306 stones
Armour
 A - a +0 pair of gloves (worn)
 B - +0 acid dragon scales
 E - a +0 kite shield (worn)
 L - a +2 helmet (worn)
 R - +0 fire dragon scales (worn)
Magical Staves
 O - a staff of earth
Jewellery
 b - a ring of see invisible
 e - the ring "Soach" (right hand) {Will+ rCorr MP+9}
   (You took it off a gnoll on level 5 of the Dungeon)

   [ring of magical power]

   MP:        It affects your magic capacity (+9).
   rCorr:     It protects you from acid and corrosion.
   Will:      It increases your willpower.
 f - an amulet of the acrobat
 h - a ring of protection from cold
 y - a ring of wizardry (left hand)
 C - a ring of positive energy
 G - an amulet of reflection (around neck)
Wands
 m - a wand of iceblast (21)
 u - a wand of digging (1)
 w - a wand of flame (18)
 D - a wand of paralysis (30)
 F - a wand of acid (4)
 N - a wand of mindburst (9)
Scrolls
 g - 2 scrolls of fear
 i - 4 scrolls of teleportation
 k - 3 scrolls of fog
 o - a scroll of holy word
 p - a scroll of amnesia
 q - 3 scrolls of enchant armour
 t - 3 scrolls of magic mapping
 v - a scroll of summoning
 H - 2 scrolls of immolation
 I - a scroll of enchant weapon
 T - 5 scrolls of identify
Potions
 d - 11 potions of curing
 l - 2 potions of resistance
 n - 7 potions of flight
 r - a potion of might
 s - a potion of invisibility
 x - 4 potions of lignification
 z - 3 potions of cancellation
 J - 3 potions of haste
 K - a potion of berserk rage
 M - 6 potions of brilliance
 P - a potion of mutation
 Q - 2 potions of ambrosia
Miscellaneous
 j - a phial of floods


   Skills:
 + Level 8.6 Fighting
 - Level 0.1 Short Blades
 - Level 0.1(7.5) Axes
 + Level 13.0 Maces & Flails
 + Level 5.2 Armour
 - Level 2.0 Dodging
 - Level 2.1 Stealth
 - Level 15.0 Shields
 - Level 10.3 Spellcasting
 - Level 8.0 Conjurations
 - Level 5.0 Transmutations
 - Level 12.3 Earth Magic
 + Level 8.1 Invocations
 - Level 1.0 Evocations


You had 18 spell levels left.
You knew the following spells:

 Your Spells              Type           Power      Damage    Failure   Level
a - Sandblast             Erth           100%       2d20      1%          1
b - Stone Arrow           Conj/Erth      100%       3d13      1%          3
c - Petrify               Tmut/Erth      47%        N/A       6%          4
d - Lehudib's Crystal Sp  Conj/Erth      26%        10d7      100%        8

Your spell library contained the following spells:

 Spells                   Type           Power      Damage    Failure   Level
 Passwall                 Tmut/Erth      39%        N/A       1%          2
 Beastly Appendage        Tmut           62%        N/A       2%          1
 Wereblood                Tmut           31%        N/A       4%          2
 Sting                    Tmut/Pois      84%        1d7       9%          1
 Conjure Flame            Conj/Fire      27%        6-21      13%         3
 Animate Armour           Summ/Erth      72%        N/A       17%         4
 Animate Skeleton         Necr           20%        N/A       22%         1
 Pain                     Necr           40%        1d6       22%         1
 Spider Form              Tmut/Pois      21%        N/A       24%         3
 Ensorcelled Hibernation  Hex/Ice        20%        N/A       32%         2
 Poisonous Vapours        Pois/Air       20%        N/A       32%         2
 Ignite Poison            Fire/Tmut/Pois 17%        N/A       32%         3
 Sticky Flame             Conj/Fire      27%        2d5       38%         4
 Confusing Touch          Hex            10%        N/A       52%         3
 Swiftness                Air            10%        N/A       52%         3
 Vampiric Draining        Necr           10%        2d6       52%         3
 Anguish                  Hex/Necr       5%         N/A       89%         4
 Olgreb's Toxic Radiance  Pois           10%        N/A       89%         4
 Yara's Violent Unravell  Hex/Tmut       10%        3d6       89%         5
 Dispersal                Tloc           5%         N/A       100%        6
 Enfeeble                 Hex            5%         N/A       100%        7
 Disjunction              Tloc           5%         N/A       100%        8


Dungeon Overview and Level Annotations

Branches:
Dungeon (15/15)            Temple (1/1) D:7            Lair (6/6) D:9
  Swamp (0/4) Lair:3       Spider (1/4) Lair:2        Slime (0/5) Lair:5
    Orc (2/2) D:12            Elf (0/3) Orc:2        Vaults (0/5) D:13
 Depths (0/4) D:15        Volcano (visited)

Altars:
Ashenzari
Cheibriados
Dithmenos
Elyvilon
Fedhas
Gozag
Hepliaklqana
Kikubaaqudgha
Makhleb
Nemelex Xobeh
Okawaru
Qazlal
Ru
Sif Muna
Trog
Uskayaw
Vehumet
Wu Jian
Xom
Yredelemnul
Zin
The Shining One
Beogh
Jiyva

Shops:
D:6 =   Orc:2 ==(:

Annotations:
D:4 exclusion: phantom
D:10 cool weapons fly
Lair:5 exclusion: downstairs
Lair:6 multiple dragons


Innate Abilities, Weirdness & Mutations

You are immune to sickness and miasma.
Your stone body is resilient. (AC +11)
You are immune to poison.
Your large and strong wings let you fly.
You resist negative energy. (rN+)
You are resistant to electric shocks. (rElec)
You are resistant to unholy torment.
You are immune to petrification.


Message History

You are more confused.
The tarantella touches you but does no damage.
The tarantella touches you but does no damage.
The tarantella barely misses you. x2
You bump into the rock wall.
The tarantella touches you.
* * * LOW HITPOINT WARNING * * *
You are more confused.
You hit the tarantella but do no damage.
The tarantella touches you but does no damage.
The tarantella touches you.
* * * LOW HITPOINT WARNING * * *
You miss the tarantella. The tarantella touches you.
* * * LOW HITPOINT WARNING * * *
You are more confused.
You're too confused to move!
The tarantella touches you but does no damage.
You bump into the rock wall.
The tarantella completely misses you.
The tarantella touches you but does no damage.
You bump into the rock wall.
The tarantella misses you.
You sock the tarantella!
The tarantella is moderately wounded.
The tarantella touches you but does no damage. x2
You're too confused to move!
The tarantella barely misses you.
You are too confused!
The tarantella closely misses you.
The tarantella touches you but does no damage.
The tarantella misses you.
The tarantella touches you but does no damage. x2
The tarantella touches you but does no damage.
The tarantella touches you.
* * * LOW HITPOINT WARNING * * *
The tarantella touches you.
* * * LOW HITPOINT WARNING * * *
Okay, then.
The tarantella touches you.
* * * LOW HITPOINT WARNING * * *
The tarantella touches you but does no damage. x2
The tarantella touches you but does no damage.
The tarantella touches you.
You die...

....................#...##
...............^....#.P.##
........................P#
.....##....#............##
.....#..............#...# ##
.............###...##...# #.
..........#### ######...# ##.
.........##.###### #.P.## #..
.........###.#.#@## #....# ####..
.........##.#.###s###...## #.#.#.
.........#^###.#.#.##....# #.....
............#.#s#...≈...####.....
.............#^#^.>.≈....##.#.P..
............#.#.#...≈.).#######..
.........#.#^#####†##...# ##.
.........##^#^###^####.## #.
..#......###.#.#.###....# ##


You could see a tarantella.

Vanquished Creatures
  Snorg (D:12)
  Fannar (D:10)
  8 vault guards
  2 boulder beetles
  A death knight (D:15)
  2 catoblepae
  6 hydras
  10 two-headed ogres
  2 centaur warriors
  An ogre mage (D:13)
  3 death yaks (Lair:6)
  4 orc high priests (Orc:2)
  Nergalle (D:9)
  A bog body (Lair:3)
  3 skeletal warriors (D:14)
  A deep elf pyromancer (D:14)
  3 orc knights
  A necromancer (Lair:3)
  A wolf spider (Lair:6)
  A salamander (Volcano)
  3 manticores
  An orc sorcerer (Orc:2)
  3 cyclopes (D:15)
  16 ugly things
  9 elephants
  A black mamba (shapeshifter) (D:14)
  A guardian serpent (Lair:6)
  16 cane toads
  2 gargoyles (D:11)
  4 black mambas
  2 unseen horrors
  11 komodo dragons
  An efreet (D:15)
  3 rime drakes
  6 polar bears (Lair:5)
  A hornet (shapeshifter) (D:15)
  2 trolls (D:12)
  3 hornets (Lair:6)
  15 blink frogs
  A tarantella (Lair:2)
  4 dream sheep (Lair:2)
  4 jumping spiders (Lair:2)
  Sigmund (D:2)
  2 vampires
  43 yaks
  A water elemental (D:12)
  11 wyverns
  3 culicivoras (Lair:2)
  3 wraiths
  4 fire bats (Volcano)
  2 shadows
  2 basilisks
  A human (shapeshifter) (D:14)
  Grum (D:10)
  2 humans (D:12)
  4 steam dragons
  6 redbacks
  6 vampire mosquitoes
  Edmund (D:6)
  3 wargs
  3 acid dragons
  31 water moccasins
  A swamp drake (Lair:6)
  A black bear (D:7)
  26 orc warriors
  An elephant zombie (Lair:3)
  4 ice beasts
  2 sky beasts
  A necrophage (D:5)
  7 ogres
  15 wolves
  10 centaurs
  3 komodo dragon zombies (Lair:3)
  A kobold brigand (D:9)
  10 bullfrogs
  3 gnoll sergeants
  3 scorpions
  A water moccasin skeleton (D:6)
  14 killer bees
  6 electric eels
  2 howler monkeys
  A bullfrog zombie (D:6)
  3 hounds
  7 centaur zombies
  3 centaur skeletons
  A jelly (D:7)
  43 orc priests
  A gnoll shaman (D:8)
  3 bullfrog skeletons
  6 iguanas
  Ijyb (D:3)
  32 orc wizards
  2 hound zombies (D:5)
  A hound skeleton (D:4)
  2 howler monkey zombies
  22 gnolls
  3 adders
  3 white imps
  A worm (D:2)
  A dart slug (D:4)
  57 orcs
  7 endoplasms
  7 giant cockroaches
  6 goblins
  6 hobgoblins
  4 quokkas
  4 ball pythons
  4 bats
  3 frilled lizards
  10 kobolds
  6 rats
653 creatures vanquished.

Vanquished Creatures (collateral kills)
  An orc warrior (Orc:2)
1 creature vanquished.

Vanquished Creatures (others)
  A fire giant (D:15)
  2 human simulacra (D:14)
  A bush (Lair:6)
  77 fungi
  97 plants
178 creatures vanquished.

Grand Total: 832 creatures vanquished

Notes
Turn   | Place    | Note
-------+----------+-------------------------------------------
     0 | D:1      | EWolf27 the Gargoyle Earth Elementalist began the quest for
                  | the Orb.
     0 | D:1      | Reached XP level 1. HP: 10/10 MP: 3/3
   647 | D:1      | Reached XP level 2. HP: 13/16 MP: 5/5
   803 | D:1      | You fall into a shaft and drop 1 floor!
  1251 | D:2      | Reached skill level 1 in Fighting
  1846 | D:1      | Reached XP level 3. HP: 20/20 MP: 2/6
  1850 | D:1      | Learned a level 3 spell: Stone Arrow
  2720 | D:2      | Noticed Sigmund
  2734 | D:2      | Upgraded the game from 0.28-b1-78-gc65acfa365 to 0.28.0
  2973 | D:2      | Killed Sigmund
  2974 | D:2      | Reached skill level 1 in Maces & Flails
  2974 | D:2      | Reached skill level 1 in Conjurations
  2974 | D:2      | Reached skill level 5 in Earth Magic
  2974 | D:2      | Reached XP level 4. HP: 16/25 MP: 1/9
  2974 | D:2      | Reached XP level 5. HP: 19/29 MP: 1/10
  3125 | D:2      | Found a faded altar of an unknown god.
  3258 | D:3      | Found a glowing silver altar of Zin.
  3386 | D:3      | Learned a level 4 spell: Petrify
  3670 | D:3      | Noticed Ijyb
  3968 | D:3      | Found a shimmering blue altar of Sif Muna.
  4107 | D:3      | Found a burning altar of Makhleb.
  4131 | D:3      | Became a worshipper of Makhleb the Destroyer
  4359 | D:3      | Killed Ijyb
  4360 | D:3      | Reached XP level 6. HP: 18/34 MP: 0/11
  4525 | D:3      | Found a radiant altar of Vehumet.
  6204 | D:5      | Entered Level 5 of the Dungeon
  6250 | D:5      | Reached XP level 7. HP: 38/38 MP: 4/13
  6644 | D:5      | Reached skill level 5 in Spellcasting
  6898 | D:5      | Reached XP level 8. HP: 43/43 MP: 5/15
  7137 | D:5      | Reached * piety under Makhleb
  7404 | D:5      | Identified the ring "Soach" {Will+ rCorr MP+9}
  8352 | D:6      | Noticed Edmund
  8362 | D:6      | Killed Edmund
  8434 | D:6      | Reached skill level 1 in Armour
  8459 | D:6      | Reached XP level 9. HP: 46/47 MP: 18/18
  8749 | D:6      | Reached skill level 5 in Conjurations
  9022 | D:6      | Found Bamas's Jewellery Emporium.
  9336 | D:7      | Reached ** piety under Makhleb
  9486 | D:7      | Found a staircase to the Ecumenical Temple.
  9584 | Temple   | Entered the Ecumenical Temple
 10199 | D:7      | Found a hide-covered altar of Uskayaw.
 10200 | D:7      | Found a shadowy altar of Dithmenos.
 10200 | D:7      | Found an ancient bone altar of Kikubaaqudgha.
 10596 | D:8      | Found a stormy altar of Qazlal.
 10821 | D:8      | Reached skill level 5 in Maces & Flails
 10956 | D:8      | Reached XP level 10. HP: 20/52 MP: 20/21
 11284 | D:8      | Reached skill level 1 in Invocations
 12144 | D:8      | Found a sparkling altar of Nemelex Xobeh.
 12517 | D:9      | Found a staircase to the Lair.
 13205 | D:10     | Entered Level 10 of the Dungeon
 13205 | D:10     | Noticed Grum
 13216 | D:9      | Reached skill level 10 in Earth Magic
 13325 | D:9      | Reached *** piety under Makhleb
 13326 | D:9      | Reached skill level 1 in Shields
 13834 | D:9      | Reached skill level 2 in Shields
 14116 | D:9      | Found a bloodstained altar of Trog.
 14166 | D:10     | Noticed Nergalle
 14364 | D:10     | Found an opulent altar of Gozag.
 14414 | D:10     | Found an ornate altar of the Wu Jian Council.
 14531 | D:10     | Reached XP level 11. HP: 44/57 MP: 23/23
 14613 | D:10     | Noticed Fannar
 14721 | D:10     | Killed Fannar
 14755 | D:10     | Noticed a purple ugly thing
 15057 | D:10     | Killed Grum
 15143 | D:9      | Killed Nergalle
 15144 | D:9      | Reached skill level 3 in Shields
 15714 | D:10     | Killed a purple ugly thing
 16141 | D:11     | Noticed a two-headed ogre
 16788 | D:10     | Killed a two-headed ogre
 17021 | D:11     | Reached **** piety under Makhleb
 17022 | D:11     | Reached skill level 5 in Invocations
 17031 | D:11     | Reached skill level 4 in Shields
 17052 | D:11     | Reached skill level 1 in Evocations
 17191 | D:11     | Found a sacrificial altar of Ru.
 17449 | D:11     | Noticed a manticore
 17456 | D:11     | Killed a manticore
 17738 | D:12     | Noticed Snorg
 17750 | D:12     | Killed Snorg
 17873 | D:12     | Found an iron altar of Okawaru.
 17976 | D:12     | Reached skill level 5 in Shields
 17976 | D:12     | Reached XP level 12. HP: 64/64 MP: 25/25
 18089 | D:12     | Noticed a two-headed ogre
 18310 | D:12     | Reached skill level 1 in Transmutations
 18450 | D:12     | Found a staircase to the Orcish Mines.
 18756 | D:12     | Killed a two-headed ogre
 19583 | D:12     | Reached skill level 6 in Shields
 19728 | D:13     | Found the +5 robe of Misfortune {Harm *Corrode *Slow EV+5}
 19985 | D:13     | Noticed a boulder beetle
 20218 | D:13     | Killed a boulder beetle
 20453 | D:13     | Found a gate to the Vaults.
 20453 | D:13     | Noticed a vault guard
 20453 | D:13     | Noticed a vault guard
 20453 | D:13     | Noticed a vault guard
 20453 | D:13     | Noticed a vault guard
 20453 | D:13     | Noticed a vault guard
 20453 | D:13     | Noticed a vault guard
 20486 | D:13     | Noticed a vault guard
 20678 | Lair:1   | Entered Level 1 of the Lair of Beasts
 20710 | Lair:1   | Noticed a five-headed hydra
 20737 | Lair:1   | Killed a five-headed hydra
 21069 | Lair:1   | Reached skill level 7 in Shields
 21171 | Lair:1   | Identified the +3 shortbow "Seigg" {freeze, rElec Int+4}
 22365 | Lair:2   | Reached XP level 13. HP: 59/72 MP: 16/26
 22612 | Lair:2   | Found a dark tunnel.
 22620 | Volcano  | Entered a volcano
 22658 | Volcano  | Found the +3 Mad Mage's Maulers {Infuse+∞ RegenMP Int-3}
 22670 | Volcano  | Reached skill level 8 in Shields
 22679 | Volcano  | Reached skill level 5 in Fighting
 23282 | Volcano  | HP: 1/72 [something (7)]
 23767 | Lair:2   | Reached ***** piety under Makhleb
 24662 | Lair:2   | Found a hole to the Spider Nest.
 24803 | Lair:2   | Reached skill level 5 in Armour
 25351 | Lair:3   | Reached skill level 9 in Shields
 25360 | Lair:3   | Found a staircase to the Swamp.
 28329 | Lair:5   | Reached skill level 10 in Shields
 29760 | Lair:5   | Gained mutation: Your large and strong wings let you fly.
                  | [Gargoyle growth]
 29760 | Lair:5   | Reached XP level 14. HP: 70/79 MP: 27/27
 29917 | Lair:5   | Found a staircase to the Slime Pits.
 29921 | Lair:5   | Found a viscous altar of Jiyva.
 30053 | Lair:5   | Reached skill level 10 in Spellcasting
 30250 | Lair:6   | Entered Level 6 of the Lair of Beasts
 30811 | Lair:5   | Reached skill level 10 in Maces & Flails
 31988 | D:10     | Identified the +6 dagger of the Slime-mould {freeze, rN+
                  | Str+5 Dex+10 Stlth-}
 32103 | Orc:1    | Entered Level 1 of the Orcish Mines
 32731 | D:12     | Reached skill level 11 in Shields
 33620 | Orc:2    | Entered Level 2 of the Orcish Mines
 34416 | Orc:2    | Found a bloodstained altar of Trog.
 34660 | Orc:2    | Found a staircase to the Elven Halls.
 36453 | Orc:2    | Reached ****** piety under Makhleb
 36663 | Orc:2    | Found Umasuiwask's Book Shoppe.
 36666 | Orc:2    | Found Erytuf's Antique Weapon Shoppe.
 36670 | Orc:2    | Found Daddoacw's Jewellery Emporium.
 36670 | Orc:2    | Found Ynec Guo's Jewellery Emporium.
 36722 | Orc:2    | Bought a book of Armaments for 576 gold pieces
 36722 | Orc:2    | Bought a manual of Armour for 1280 gold pieces
 37779 | Lair:6   | Reached skill level 5 in Transmutations
 38579 | Lair:6   | Reached skill level 12 in Shields
 39758 | Lair:6   | Reached XP level 15. HP: 86/86 MP: 29/29
 40459 | Lair:6   | Reached skill level 13 in Shields
 41391 | Lair:6   | Learned a level 8 spell: Lehudib's Crystal Spear
 41977 | Lair:6   | HP: 2/86 [something/blast of flame (62)]
 43847 | D:13     | Reached skill level 14 in Shields
 44471 | D:14     | Found a broken altar of Ashenzari.
 45471 | D:14     | HP: 2/88 [deep elf pyromancer/bolt of fire (28)]
 46472 | D:15     | Entered Level 15 of the Dungeon
 46617 | D:15     | Reached skill level 15 in Shields
 46884 | D:15     | Found a staircase to the Depths.
 46884 | D:15     | Noticed a fire giant
 47613 | D:15     | Killed a fire giant
 48185 | Spider:1 | Entered Level 1 of the Spider Nest
 48467 | Lair:2   | HP: 3/89 [tarantella (3)]
 48471 | Lair:2   | Slain by a tarantella

Illustrated notes

Levels and vault maps discovered:
D:1:      dpeg_arrival_ratfight, layout_loops_ring
D:2:      layout_loops_cross, shapermc_ecumenical_altar_petra, uniq_sigmund
D:3:      layout_loops_cross, nicolae_vehumet_altar_sigil,
          mainiacjoe_overflow_24_doors, mainiacjoe_overflow_boulevard,
          mainiacjoe_overflow_alcove_2, uniq_ijyb
D:4:      layout_basic, minmay_strange_pillars
D:5:      layout_gridville, kennysheep_cluttered_room
D:6:      layout_basic, serial_shops, nicolae_shop_crystal, uniq_edmund
D:7:      layout_basic, minitemple, minmay_temple_entry_statues_fountains,
          lemuel_another_geyser
D:8:      layout_basic, mainiacjoe_overflow_tiny_flanked,
          grunt_qazlal_sundering, hangedman_abyss_or_decor_clamps,
          minmay_increasing_density
D:9:      layout_roguey, lemuel_coloured_pillars_altar, lair_entry_dummy
D:10:     layout_gridville, nicolae_wu_jian_glorious_leap,
          nicolae_gozag_seed_capital, uniq_fannar, uniq_grum, uniq_nergalle
D:11:     layout_basic, nicolae_ru_great_annihilating_truth
D:12:     layout_basic, minmay_orc_entry_temple_small, okawaru_humans,
          uniq_snorg
D:13:     layout_rooms, erik_vaults_2
D:14:     layout_basic, ashenzari_altar_1, bh_circular_ruins
D:15:     grunt_enter_depths_giant_problem, layout_basic,
          minmay_misc_feat_tower, nicolae_figureground_pulse
Temple:   dpeg_chambers_temple
Lair:1:   layout_regular_city, grunt_megastairs_4
Lair:2:   layout_gridlike, nicolae_spider_entry_tight_spaces, enter_volcano_2
Lair:3:   pond_and_an_island_with_a_cottage, layout_long_grid,
          skrybe_swamp_entry_bodies, minivault_27, lemuel_fruit_fields,
          serial_bayou_shore_b
Lair:4:   layout_regular_city
Lair:5:   layout_hall_layers, slime_altar_1, cheibrodos_lair_lostbears,
          lemuel_fruit_fields, infiniplex_staircase_pool_2, grunt_megastairs_5
Lair:6:   hangedman_lair_tendril_chambers, layout_loops_ring,
          guppyfry_lair_end_dragon, chequers_serial_rivers_room_b,
          nicolae_lair_lil_pond
Spider:1: layout_spider_delve
Orc:1:    layout_caves
Orc:2:    st_orc_mages, layout_diamond_mine, basic_altar, nicolae_orc_rockfall

Skill      XL: |  1  2  3  4  5  6  7  8  9 10 11 12 13 14 15 |
---------------+----------------------------------------------+-----
Earth Magic    | 4 5 6 8 9 10 12 | 12.3
Fighting       | 1 2 3 4 5 7 8 |  8.6
Maces & Flails | 1 2 3 5 6 8 9 11 13 | 13.0
Spellcasting   | 3 4 5 6 7 8 9 10 | 10.3
Conjurations   | 1 2 3 4 6 8 |  8.0
Dodging        | 2 |  2.0
Armour         | 1 2 3 5 |  5.2
Invocations    | 3 5 7 8 |  8.1
Shields        | 2 5 7 10 12 15 | 15.0
Evocations     | 1 |  1.0
Transmutations | 3 4 5 |  5.0
Short Blades   | |  0.1
Axes           | |  0.1
Stealth        | |  2.1

Action                   |  1- 3 |  4- 6 |  7- 9 | 10-12 | 13-15 || total
-------------------------+-------+-------+-------+-------+-------++-------
Melee: Dagger            |    47 |       |       |       |       ||    47
       Whip              |       |   118 |    55 |       |       ||   173
       Punch             |       |     2 |     1 |     1 |       ||     4
       Morningstar       |       |       |    63 |   185 |   992 ||  1240
       Broad axe         |       |       |       |       |    31 ||    31
 Cast: Sandblast         |    40 |    43 |    63 |   149 |    48 ||   343
       Stone Arrow       |       |     4 |    40 |   183 |   638 ||   865
       Petrify           |       |       |       |     1 |     9 ||    10
Invok: Lesser Servant of |       |       |       |       |     1 ||     1
Evoke: Wand              |       |       |       |     4 |     1 ||     5
  Use: Scroll            |       |     4 |     5 |    10 |    14 ||    33
       Potion            |       |       |       |     1 |     4 ||     5
 Stab: Sleeping          |     2 |     2 |       |       |     1 ||     5
       Petrified         |       |       |       |       |    17 ||    17
       Petrifying        |       |       |       |       |     1 ||     1
Armor: Robe              |    16 |    56 |    25 |       |       ||    97
       Leather armour    |       |       |    52 |       |       ||    52
       Steam dragon scal |       |       |     1 |   111 |       ||   112
       Acid dragon scale |       |       |       |    19 |   607 ||   626
       Fire dragon scale |       |       |       |       |    91 ||    91
Dodge: Dodged            |    31 |    87 |   125 |   236 |   527 ||  1006
Block: Kite shield       |       |       |       |   116 |   856 ||   972
       Reflection        |       |       |       |       |    13 ||    13
